[Event "FTX Road to Miami KO 2022"]
[Site "Online"]
[Date "2022.07.15"]
[Round "2.1"]
[White "Duda, Jan-Krzysztof"]
[Black "Aronian, Levon"]
[Result "0-1"]
[ECO "D20"]
[WhiteElo "2750"]
[BlackElo "2775"]
[Annotator "TA"]
[PlyCount "142"]
[EventDate "2022.07.09"]
[EventType "k.o."]
[EventCountry "NET"]
[SourceTitle "playchess.com"]
[Source "ChessBase"]
[SourceQuality "1"]
[TimeControl "900+10"]

1. d4 d5 2. c4 dxc4 3. e4 e5 4. Nf3 Bb4+ 5. Bd2 Bxd2+ 6. Qxd2 exd4 7. Qxd4 Qxd4 {[%emt 0:00:30] The main line 7...Qxd4 scores better than 7...Nf6. D20: Queen's Gambit Accepted: 3 e3 and 3 e4.} 8. Nxd4 Bd7 9. Bxc4 Nc6 {[%emt 0:00:02] White has an edge.} 10. Nxc6 Bxc6 11. Nc3 Ne7 $5 {[%emt 0:00:01][%mdl 4] [#] A promising side line.} 12. f3 $146 ({Predecessor:} 12. O-O-O O-O 13. Rd2 a6 14. Rhd1 Rfe8 15. f3 Kf8 16. Bb3 Rec8 17. e5 Ng6 18. f4 {1-0 (54) Stocek,J (2573)-Zaslavsky,M (2441) Pardubice 2012}) 12... O-O 13. Kf2 Rfd8 14. Rhd1 {[%emt 0:00:05] Inhibits Rd2+.} Kf8 15. Ne2 Ba4 16. b3 Be8 17. Ke3 c5 18. Nf4 b6 19. Rac1 Rxd1 (19... Nc6 {seems wilder.} 20. a3 Nd4 21. Rd3 f5) 20. Rxd1 Nc6 21. Rd2 Rd8 22. Nd3 Rd4 23. Rc2 a5 24. a3 Bd7 25. Rc3 f5 26. Nf4 fxe4 27. fxe4 Rd6 28. Bb5 Ke8 29. Nd5 Ne7 30. Bc4 Nxd5+ 31. Bxd5 $11 {[%emt 0:00:00][%mdl 4096] Endgame KRB-KRB} a4 32. b4 cxb4 33. axb4 Kd8 34. Kd4 Rg6 35. g3 Rh6 36. h4 Rg6 37. Kc4 Rf6 38. e5 Rg6 39. Be4 Rg4 (39... Be6+ $11 40. Kb5 Bd7+ 41. Kc4 Be6+ 42. Kb5 Bd7+ 43. Kc4) 40. Kd5 $14 h5 (40... b5 $1 $14) 41. Re3 $2 (41. Bf3 $16 Rxg3 42. e6) 41... Ke7 $17 42. e6 Bxe6+ 43. Ke5 g6 (43... Bd7 $1 $17 44. Rc3 Kd8) 44. Rc3 $1 $11 Bf5 45. Bd5 Kd8 {[%emt 0:01:06] Against Rc7} 46. b5 Bd7 47. Kd6 {[%emt 0:00:09] Threatens to win with Rc7.} Rd4 48. Rf3 {[%emt 0:00:10] Rf7 is the strong threat.} Bxb5 {[%emt 0:00:30] Strongly threatening ...Be8.} 49. Rf8+ Be8 50. Ke5 $2 (50. Rh8 $11) 50... Rd2 $19 51. Bc6 Re2+ 52. Kd6 a3 53. Bxe8 Rxe8 {[%emt 0:00:00] KR-KR} 54. Rf3 Kc8 $2 (54... a2 $19 {has better winning chances.} 55. Ra3 Kc8 56. Rxa2 Kb7) 55. Rxa3 $17 {[%emt 0:00:14] Intending Ra8+ and mate.} Kb7 {[%emt 0:00:01] Prevents Ra8. aiming for ...Rc8.} 56. g4 $2 {[%emt 0:00:22][%mdl 8192] This move loses the game for White.} ({White must play} 56. Rf3 $1 $15) 56... hxg4 $19 {[%emt 0:00:33][%cal Bh5g4,Bg4g3,Bg3g2][%mdl 32] Black is clearly winning.} 57. Ra4 (57. Rg3 $142 Re4 58. Kd5) 57... g3 58. Rg4 Rh8 {[%emt 0:00:01] And now ...Rh5 would win.} (58... Rd8+ 59. Ke5 $15) 59. Kd5 g2 $1 60. Rxg6 Rxh4 ({And not} 60... Rh5+ 61. Ke4 $19) 61. Rxg2 Ka6 62. Ra2+ Kb5 63. Ra1 Ra4 64. Rb1+ Ka5 65. Kc6 {[%emt 0:00:10] [#]} Rc4+ $1 66. Kb7 b5 {[%emt 0:00:03] ( -> ...b4)} 67. Ra1+ {[%emt 0:00:01] [#]} Ra4 $1 68. Rh1 Ra2 69. Rh8 Rg2 70. Ra8+ Kb4 71. Ra1 Kc3 {[%emt 0:00:10] Weighted Error Value: White=0.62/Black=0.12 (very precise)} 0-1

[Event "FTX Road to Miami KO 2022"]
[Site "Online"]
[Date "2022.07.15"]
[Round "2.1"]
[White "Wei, Yi"]
[Black "Rapport, Richard"]
[Result "1/2-1/2"]
[ECO "B42"]
[WhiteElo "2727"]
[BlackElo "2764"]
[Annotator "TA"]
[PlyCount "258"]
[EventDate "2022.07.09"]
[EventType "k.o."]
[EventCountry "NET"]
[SourceTitle "playchess.com"]
[Source "ChessBase"]
[SourceQuality "1"]
[TimeControl "900+10"]

1. e4 c5 2. Nf3 e6 3. d4 cxd4 4. Nxd4 a6 5. Bd3 Bc5 6. Nb3 Ba7 7. O-O Nc6 8. Qe2 Nge7 9. c4 O-O 10. Nc3 d6 11. Be3 e5 12. Rad1 Be6 13. Nd5 a5 14. a4 Nb4 15. Bxa7 Rxa7 16. Qe3 b6 17. Nxb4 axb4 18. a5 Nc8 19. axb6 Qxb6 20. Qd2 Rc7 21. Rc1 Ne7 22. Rfd1 Rfc8 23. Bf1 Rc6 24. Ra1 h6 25. Ra4 Rb8 26. Na5 Rc7 27. Qxd6 Qxd6 28. Rxd6 Ra8 29. b3 Kh7 30. c5 Rca7 31. Nc4 Rxa4 32. bxa4 b3 33. Nxe5 Rxa4 34. Rb6 Ra1 35. f3 Ng6 36. Nd3 Bc4 37. Kf2 Rxf1+ 38. Kxf1 Ne5 39. Rxb3 Nxd3 40. Rc3 Bb5 41. Kg1 Ne5 42. f4 Nc6 43. Rb3 Ba4 44. Rb6 Kg6 45. Ra6 Bb5 46. Rb6 Ba4 47. Kf2 Kf6 48. Ra6 Bb5 49. Rb6 Ba4 50. Ke3 Ke6 51. Ra6 Bb5 52. Rb6 Ba4 53. Kd3 Kd7 54. Rb7+ Ke6 55. Rb6 Kd7 56. Rb7+ Ke6 57. Kc3 g6 58. g4 g5 59. f5+ Kf6 60. h3 Ne5 61. Rb4 Bc6 62. Rd4 Ke7 63. Rd6 f6 64. Rd4 Nf3 65. Rd3 Ne5 66. Rd4 Nf3 67. Rd3 Ne5 68. Re3 Be8 69. Kb4 h5 70. gxh5 Bxh5 71. Ra3 Be8 72. Ra7+ Kd8 73. Ra8+ Ke7 74. Ra7+ Bd7 75. Rb7 Kd8 76. Rb8+ Ke7 77. Rb7 Nc6+ 78. Kc3 Kd8 79. Rb6 Kc7 80. Kc4 Be8 81. Kc3 Bh5 82. Kd3 Bf3 83. Rb2 $1 Bh5 84. Ke3 Ne5 85. Ra2 Be8 86. Ra7+ Kd8 87. Rh7 Bc6 88. h4 gxh4 89. Rxh4 Ke7 90. Rh7+ Ke8 91. Rh3 Ke7 92. Kd4 Nd7 93. Rh7+ Ke8 94. Rh8+ Ke7 95. Rc8 Ne5 96. Rc7+ Kd8 97. Rg7 Ke8 98. Rg3 Ke7 99. Ra3 Kd8 100. Rb3 Ke7 101. Rh3 Ke8 102. Rg3 Kf7 103. Re3 Ke7 104. Kc3 Kd7 105. Kb4 Kc7 106. Kc3 Kd7 107. Kd4 Ke7 108. Re2 (108. Kc3 $5 ) 108... Nf3+ 109. Ke3 Ne5 110. Rg2 Nd7 111. Rc2 Ne5 112. Rc1 $1 Ng4+ 113. Kf4 Ne5 $1 114. Rd1 Nf7 115. Rd2 Ke8 116. Rd4 Ke7 117. Rd1 Ke8 118. Rg1 Ne5 119. Rg7 Nd3+ 120. Ke3 Ne5 121. Rg1 Nc4+ 122. Kf4 Ne5 123. Rd1 Nf7 124. Rd3 Ke7 125. Rd4 Ke8 126. Kg4 Kf8 127. Kf4 Ke8 128. Kg4 Kf8 129. Kf4 Ke8 1/2-1/2

[Event "FTX Road to Miami KO 2022"]
[Site "Online"]
[Date "2022.07.16"]
[Round "3.1"]
[White "Aronian, Levon"]
[Black "Wei, Yi"]
[Result "1/2-1/2"]
[ECO "A14"]
[WhiteElo "2775"]
[BlackElo "2727"]
[Annotator "TA"]
[PlyCount "157"]
[EventDate "2022.07.09"]
[EventType "k.o."]
[EventCountry "NET"]
[SourceTitle "playchess.com"]
[Source "ChessBase"]
[SourceQuality "1"]
[TimeControl "900+10"]

1. c4 Nf6 2. g3 e6 3. Bg2 d5 4. Nf3 Be7 5. O-O O-O 6. b3 b6 7. Bb2 Bb7 8. e3 c5 9. Qe2 Nc6 10. Rd1 Qc8 {[%emt 0:01:12] A14: English Opening: 1...e6 with b3 by White.} 11. d4 Rd8 12. Nbd2 {[%emt 0:02:26] [#]} dxc4 $146 ({Predecessor:} 12... a5 13. cxd5 Ba6 14. Qe1 exd5 15. Bf1 Nb4 16. Bxa6 Qxa6 17. Qf1 Nd3 18. Bc3 Ng4 {0-1 (48) Gueci,T (2042)-Marzaduri,R (2137) Nicolosi 2015}) 13. bxc4 Qc7 14. Rac1 Rac8 15. Bh3 Ba6 16. Nb3 Qb8 (16... Ne8 $11) 17. Ng5 $1 $16 Rc7 {[%emt 0:01:39] [#]} 18. dxc5 ({White should try} 18. Nxe6 $1 $16 fxe6 19. Bxe6+ Kh8 20. d5) 18... Rxd1+ 19. Rxd1 bxc5 (19... h6 $11 20. cxb6 axb6) 20. Qc2 $1 h6 21. Bxf6 {[%emt 0:00:05] Qh7+ would kill now.} hxg5 22. Bxe7 Nxe7 23. Qe4 $36 {[%emt 0:00:30][%cal Oh3e6][%mdl 2048] Black is under strong pressure.} Qc8 24. Rd6 {[%emt 0:00:32] 0x0.00198e13a13adp-1022s more active pieces.} (24. Qg4 $1 $16) 24... Rc6 $1 $14 25. Qd3 (25. Rd2 $5 ) 25... Rxd6 26. Qxd6 Nf5 27. Bxf5 exf5 $11 {[%emt 0:00:00][%mdl 4096] Endgame KQB-KQN} 28. Qd5 (28. Nd2 {keeps more tension.} g4 29. Kf1 Qb7 30. Qxc5 Qb2 31. Ke2) 28... Qe6 $2 ({Black should play} 28... Bb7 $11 29. Qd6 (29. Qxc5 Qd7 $11) 29... Ba6) 29. Nxc5 $16 Qxd5 30. cxd5 {[%emt 0:00:01] KB-KN} Bc4 31. d6 Kf8 {[%emt 0:00:01] [#]} 32. a3 {[%emt 0:00:03] Strongly threatening f3.} g4 {[%emt 0:00:10] [#]} 33. Kg2 (33. e4 $1 $16 ) 33... Be2 $1 $11 34. h4 Ke8 35. h5 (35. a4 $16) 35... Kd8 $1 36. Kh2 Kc8 37. Kg1 Kd8 38. Kg2 Kc8 39. f4 {[%emt 0:00:11] Threatens to win with Kf2.} gxf3+ $1 40. Kf2 Bd1 {[%emt 0:00:50] Against Nb3} 41. e4 fxe4 42. Ke3 f2 43. Kxf2 Bxh5 44. Ke3 Bf3 45. Kf4 Kd8 46. Ke3 Kc8 47. Kf4 Kd8 48. Ke3 Ke8 49. Kd4 f5 50. a4 Kf7 51. a5 Kf6 52. Ke3 Bh5 53. Kd4 Bf3 54. Ke3 g5 55. Kd4 {[%emt 0:00:02] The position is equal.} Bg2 56. Ke3 Bh1 57. Kd4 Bf3 58. Ke3 Bh5 59. Kd4 Bf7 60. g4 fxg4 61. Nxe4+ Ke6 {[%emt 0:00:02] ...Bg6 is the strong threat.} 62. Nxg5+ Kxd6 {[%emt 0:00:00] aiming for ...Bd5.} 63. Nxf7+ {[%emt 0:00:00] KN-KPP} Kc6 64. Kc4 {[%emt 0:00:10] White wants to mate with Ne5+.} g3 65. Ne5+ Kd6 66. Nf3 $1 g2 67. Kb5 Kc7 68. Kc5 Kb7 69. Ng1 Ka6 70. Kb4 Kb7 71. Kb5 Kc7 72. a6 Kd6 73. Ne2 Kc7 74. Kc5 Kd7 75. Ng1 Kc7 76. Nh3 Kd7 77. Ng1 Kc7 78. Nh3 Kd7 79. Ng1 {[%emt 0:00:00] Weighted Error Value: White=0.13 (very precise) /Black=0.14 (very precise)} 1/2-1/2

[Event "FTX Road to Miami KO 2022"]
[Site "Online"]
[Date "2022.07.16"]
[Round "3.2"]
[White "Wei, Yi"]
[Black "Aronian, Levon"]
[Result "0-1"]
[ECO "E24"]
[WhiteElo "2727"]
[BlackElo "2775"]
[Annotator "TA"]
[PlyCount "122"]
[EventDate "2022.07.09"]
[EventType "k.o."]
[EventCountry "NET"]
[SourceTitle "playchess.com"]
[Source "ChessBase"]
[SourceQuality "1"]
[TimeControl "900+10"]

1. d4 Nf6 2. c4 e6 3. Nc3 Bb4 4. a3 Bxc3+ 5. bxc3 b6 6. f3 Nc6 {[%emt 0:00:03][%cal Bb8c6,Bc6a5,Ba5b3,Bb3c1][%mdl 32] E24: Nimzo-Indian: Sämisch: Unusual Black 5th moves and 5...c5 sidelines.} 7. e4 Na5 $1 {[%emt 0:00:04][%mdl 4] now scores much better than the old 7...Ba6.} 8. Bd3 d6 {[%emt 0:00:47] The position is equal.} 9. f4 Bb7 10. Qe2 Nb3 {[%emt 0:00:07] Pair of Knights!} 11. Rb1 Nxc1 12. Rxc1 e5 {[%emt 0:00:00] [#]} 13. Nf3 $146 (13. fxe5 $11 {remains equal.} dxe5 14. Nf3) ({Predecessor:} 13. fxe5 dxe5 14. Nf3 Nd7 15. c5 O-O 16. O-O bxc5 17. dxe5 Qe7 18. Rb1 Rab8 19. Rb2 {0-1 (63) Umetsubo,C (2406)-Pichot,A (2579) Sao Paulo 2019}) 13... exf4 $17 14. O-O O-O (14... Ng4 $1 $17 {Threatening ...0-0.} 15. e5 O-O) 15. Nd2 $1 $11 g6 16. Rxf4 Nh5 17. Rf2 Qg5 18. Rcf1 Rae8 19. Nf3 Qg4 {[%emt 0:01:59] ...Nf4 is the strong threat.} 20. Nd2 Qxe2 21. Rxe2 Bc8 22. Ref2 Re7 23. Nf3 Nf6 (23... Nf4 $15 24. Bc2 Bg4) 24. e5 (24. Nd2 $5 Nh5 25. Bc2 $11) 24... dxe5 25. Nxe5 Ng4 26. Nxg4 Bxg4 27. h3 Bd7 28. Re2 Rxe2 29. Bxe2 $15 {[%emt 0:00:01][%mdl 4096] Endgame KRB-KRB} Re8 30. Kf2 Bc6 31. d5 Bd7 32. Rb1 Bf5 33. Rb2 Be4 34. a4 Kf8 35. Bf3 Bxf3 $1 36. Kxf3 {[%emt 0:00:03][%cal Oa4a5] KR-KR} Re1 37. c5 Rc1 38. Rb3 bxc5 (38... Ke7 $1 $17 39. Ke4 bxc5) 39. Rb7 $11 Rxc3+ 40. Ke4 Ke7 {[%emt 0:00:26] Strongly threatening ...f5+.} 41. Rxc7+ Kd6 42. Rc6+ Kd7 43. Ra6 f5+ 44. Kf4 Rc2 45. g4 Rc4+ 46. Kf3 Rc3+ 47. Kf4 Rc4+ 48. Kf3 Rc3+ 49. Kf4 Rxh3 {[%emt 0:00:06] White must now prevent ...fxg4.} 50. gxf5 gxf5 51. Kxf5 h5 52. Ke4 Kc7 53. Rxa7+ Kb6 54. Ra8 c4 55. Rc8 Kb7 56. Rc5 (56. Rxc4 $2 Rh4+ 57. Ke3 Rxc4 58. a5 Ra4 59. Kf2 Rxa5 60. Kg3 Ra4 61. d6 h4+ 62. Kg2 Kc6 63. d7 Kxd7 64. Kf3 Ra3+ 65. Kg2 h3+ 66. Kg1 Ra2 67. Kh1 Ke6 68. Kg1 Ke5 69. Kh1 Ra1+ 70. Kh2 Kf4 71. Kxh3 Ra2 72. Kh4 Rh2#) 56... Rg3 57. d6 {[%emt 0:00:20] Threatens to win with d7.} (57. Rxc4 Rg4+ 58. Ke3 Rxc4 59. a5 Ra4 60. Kf3 h4 61. Kg2 Rxa5 62. Kh3 Ra4 63. Kg2 Ra3 64. d6 Kc6 65. d7 Kxd7 66. Kh2 h3 67. Kg1 Ra2 68. Kh1 Kd6 69. Kg1 Kd5 70. Kh1 Ke4 71. Kg1 Kf4 72. Kf1 h2 73. Ke1 h1=Q#) 57... h4 58. a5 (58. Rxc4 Rg4+ 59. Kf3 Rxc4 60. d7 Kc7 61. d8=R Kxd8 62. a5 Ra4 63. Kg2 Rxa5 64. Kh3 Rg5 65. Kxh4 Rg2 66. Kh5 Ke7 67. Kh4 Rg6 68. Kh5 Kf6 69. Kh4 Kf5 70. Kh3 Kf4 71. Kh2 Kf3 72. Kh1 Kf2 73. Kh2 Rh6#) 58... h3 59. Rc7+ (59. Rxc4 Rg4+ 60. Kd3 Rxc4 61. d7 Kc7 $1 62. d8=R Kxd8 63. Kxc4 h2 64. Kd3 h1=Q 65. Ke3 Qa1 66. a6 Qxa6 67. Kd2 Ke7 68. Ke3 Qa5 69. Kf2 Qd2+ 70. Kf3 Kf6 71. Ke4 Ke6 72. Kf3 Kf5 73. Kg3 Qe2 74. Kh3 Kf4 75. Kh4 Qh2#) 59... Ka6 60. Rh7 ({Avoid the trap} 60. Rxc4 $2 h2 61. Kf4 {[#]} h1=Q $1 $19) 60... Rd3 61. Rh6 (61. d7 $11) 61... Kxa5 {[%emt 0:00:05] Weighted Error Value: White=0.20 (precise) /Black=0.07 (flawless)} 0-1

[Event "FTX Road to Miami KO 2022"]
[Site "Online"]
[Date "2022.07.16"]
[Round "3.3"]
[White "Aronian, Levon"]
[Black "Wei, Yi"]
[Result "1/2-1/2"]
[ECO "A14"]
[WhiteElo "2775"]
[BlackElo "2727"]
[PlyCount "100"]
[EventDate "2022.07.09"]
[EventType "k.o."]
[EventCountry "NET"]
[TimeControl "900+10"]

1. c4 Nf6 2. g3 e6 3. Bg2 d5 4. Nf3 Be7 5. O-O O-O 6. b3 b6 7. Bb2 Bb7 8. e3 c5 9. Qe2 Nc6 10. Rd1 Rc8 11. d3 Rc7 12. Nc3 d4 13. exd4 cxd4 14. Nb5 Rd7 15. Ne5 Nxe5 16. Bxb7 Rxb7 17. Qxe5 Rd7 18. Nxd4 Ng4 19. Qe4 Nxf2 20. Kxf2 Bc5 21. Ke3 Re8 22. Kd2 Bxd4 23. Bxd4 Rxd4 24. Qe3 e5 25. Kc2 Qd6 26. Re1 e4 27. Qf4 Qg6 28. Rad1 Rxd3 29. Rxd3 exd3+ 30. Kc3 Rd8 31. Qd4 Qg5 32. h4 Qa5+ 33. Kb2 Qd2+ 34. Ka3 Qa5+ 35. Kb2 Qd2+ 36. Ka3 Rc8 37. Re3 Qa5+ 38. Kb2 Qd2+ 39. Ka3 Qc1+ 40. Ka4 Qc2 41. Ka3 Qc1+ 42. Ka4 h6 43. Qd7 Rxc4+ 44. bxc4 Qxc4+ 45. Ka3 Qc3+ 46. Ka4 Qc4+ 47. Ka3 Qc5+ 48. Kb3 Qc2+ 49. Ka3 Qc3+ 50. Ka4 Qc4+ 1/2-1/2

[Event "FTX Road to Miami KO 2022"]
[Site "Online"]
[Date "2022.07.16"]
[Round "3.4"]
[White "Wei, Yi"]
[Black "Aronian, Levon"]
[Result "0-1"]
[ECO "D39"]
[WhiteElo "2727"]
[BlackElo "2775"]
[PlyCount "86"]
[EventDate "2022.07.09"]
[EventType "k.o."]
[EventCountry "NET"]
[TimeControl "900+10"]

1. d4 Nf6 2. c4 e6 3. Nf3 d5 4. Nc3 Bb4 5. Bg5 dxc4 6. e4 b5 7. a4 c5 8. axb5 cxd4 9. Nxd4 h6 10. Bxf6 Qxf6 11. Bxc4 Bb7 12. O-O O-O 13. Nf3 Rd8 14. Qb3 Bc5 15. Na4 Bf8 16. Qe3 Nd7 17. Rad1 g5 18. e5 Qf4 19. Qxf4 gxf4 20. Be2 Rab8 21. Rd4 Bxf3 22. gxf3 Nxe5 23. Rfd1 Rxd4 24. Rxd4 Rxb5 25. Rxf4 Rd5 26. Re4 Ng6 27. h3 Bg7 28. Kf1 Rh5 29. Kg2 Be5 30. f4 Rh4 31. Kg3 Bxf4+ 32. Kg2 Be5 33. Rxh4 Nxh4+ 34. Kf1 Bd4 35. b4 Ng6 36. Nc5 Nf4 37. Bc4 Kf8 38. Nd7+ Ke7 39. Nb8 Kd6 40. h4 Nh3 41. f3 Nf4 42. Bb5 Nd5 43. Be8 Nxb4 0-1

[Event "FTX Road to Miami KO 2022"]
[Site "Online"]
[Date "2022.07.17"]
[Round "3.5"]
[White "Wei, Yi"]
[Black "Aronian, Levon"]
[Result "0-1"]
[ECO "E24"]
[WhiteElo "2727"]
[BlackElo "2775"]
[PlyCount "122"]
[EventDate "2022.07.09"]
[EventType "k.o."]
[EventCountry "NET"]
[TimeControl "900+10"]

1. d4 Nf6 2. c4 e6 3. Nc3 Bb4 4. a3 Bxc3+ 5. bxc3 b6 6. f3 Nc6 7. e4 Na5 8. Bd3 d6 9. f4 Bb7 10. Qe2 Nb3 11. Rb1 Nxc1 12. Rxc1 e5 13. Nf3 exf4 14. O-O O-O 15. Nd2 g6 16. Rxf4 Nh5 17. Rf2 Qg5 18. Rcf1 Rae8 19. Nf3 Qg4 20. Nd2 Qxe2 21. Rxe2 Bc8 22. Ref2 Re7 23. Nf3 Nf6 24. e5 dxe5 25. Nxe5 Ng4 26. Nxg4 Bxg4 27. h3 Bd7 28. Re2 Rxe2 29. Bxe2 Re8 30. Kf2 Bc6 31. d5 Bd7 32. Rb1 Bf5 33. Rb2 Be4 34. a4 Kf8 35. Bf3 Bxf3 36. Kxf3 Re1 37. c5 Rc1 38. Rb3 bxc5 39. Rb7 Rxc3+ 40. Ke4 Ke7 41. Rxc7+ Kd6 42. Rc6+ Kd7 43. Ra6 f5+ 44. Kf4 Rc2 45. g4 Rc4+ 46. Kf3 Rc3+ 47. Kf4 Rc4+ 48. Kf3 Rc3+ 49. Kf4 Rxh3 50. gxf5 gxf5 51. Kxf5 h5 52. Ke4 Kc7 53. Rxa7+ Kb6 54. Ra8 c4 55. Rc8 Kb7 56. Rc5 Rg3 57. d6 h4 58. a5 h3 59. Rc7+ Ka6 60. Rh7 Rd3 61. Rh6 Kxa5 0-1

[Event "FTX Road to Miami KO 2022"]
[Site "Online"]
[Date "2022.07.17"]
[Round "3.6"]
[White "Aronian, Levon"]
[Black "Wei, Yi"]
[Result "1/2-1/2"]
[ECO "B06"]
[WhiteElo "2775"]
[BlackElo "2727"]
[PlyCount "119"]
[EventDate "2022.07.09"]
[EventType "k.o."]
[EventCountry "NET"]
[TimeControl "900+10"]

1. d4 g6 2. e4 Bg7 3. Nf3 d6 4. c3 Nd7 5. Bd3 e5 6. O-O Ne7 7. Re1 O-O 8. Nbd2 b6 9. Nf1 Bb7 10. Ng3 c5 11. d5 h6 12. Bc2 f5 13. exf5 Nxf5 14. c4 b5 15. cxb5 Nb6 16. a4 a6 17. bxa6 Rxa6 18. Ra3 Ne7 19. Be4 Qe8 20. Nh4 Rxa4 21. Rxa4 Nxa4 22. Qb3 Bc8 23. Qc2 Rf6 24. Bd3 g5 25. Nhf5 Nxf5 26. Bxf5 Bxf5 27. Nxf5 Nb6 28. Ne3 Qf7 29. b4 cxb4 30. Qb3 Rf4 31. Bd2 Rxf2 32. Bxb4 e4 33. Bc3 Bxc3 34. Qxc3 Rf4 35. Qc6 Nd7 36. Qxd6 Nf6 37. Rc1 Qd7 38. Qb8+ Ne8 39. Rc8 Rf8 40. h3 Qf7 41. Kh1 Nd6 42. Rxf8+ Qxf8 43. Qxf8+ Kxf8 44. h4 Kf7 45. h5 Kf6 46. Ng4+ Kf5 47. Nxh6+ Kf4 48. Kg1 g4 49. Ng8 Kg5 50. h6 Kg6 51. Kf2 Nf5 52. h7 g3+ 53. Ke2 Kxh7 54. Nf6+ Kg6 55. Nxe4 Nh4 56. Kf1 Kf5 57. Nd2 Nxg2 58. Kxg2 Ke5 59. Ne4 Kxd5 60. Nxg3 1/2-1/2

[Event "FTX Road to Miami KO 2022"]
[Site "Online"]
[Date "2022.07.17"]
[Round "3.7"]
[White "Wei, Yi"]
[Black "Aronian, Levon"]
[Result "0-1"]
[ECO "A50"]
[WhiteElo "2727"]
[BlackElo "2775"]
[PlyCount "52"]
[EventDate "2022.07.09"]
[EventType "k.o."]
[EventCountry "NET"]
[TimeControl "900+10"]

1. d4 Nf6 2. c4 e6 3. g4 Bb4+ 4. Bd2 Bxd2+ 5. Qxd2 d5 6. Nc3 dxc4 7. g5 Nd5 8. h4 Bd7 9. e4 Nb6 10. Nf3 Nc6 11. O-O-O Qe7 12. d5 Nb4 13. Qd4 f6 14. e5 O-O-O 15. d6 cxd6 16. exd6 Qf7 17. Qc5+ Nc6 18. a4 Kb8 19. a5 Nd5 20. Bxc4 Nxc3 21. bxc3 Rc8 22. Bb3 Qh5 23. Rd3 e5 24. Nd2 Nd4 25. Qb4 Qe2 26. Bd5 Bc6 0-1